Blackhawks vs Lightning

Created - Saturday, February 28, 2015 at 01:44

Goals
1 2 3 T
Blackhawks 1 1 0 2
Lightning 2 2 2 6
Shots
1 2 3 T
Blackhawks 12 13 7 32
Lightning 10 14 11 35

1st period

1. Blackhawks , Curtis Glencross 18 (Brent Burns) at 2:42 (PP)
2. Lightning , Jiri Tlusty 18 (Dmitry Kulikov, Alex Chiasson) at 5:02 (PP)
3. Lightning , Dave Bolland 12 (Jiri Tlusty, Alex Chiasson) at 11:15 (PP)

Penalties :
Marc Methot (TB ) for Tripping (Minor) at 1:25, Andrew Shaw (Chi) for Hooking (Minor) at 3:45, Jeff Carter (Chi) for Hooking (Minor) at 10:29, Matt Calvert (TB ) for Tripping (Minor) at 16:18, Curtis Glencross (Chi) for Hooking (Minor) at 19:05

2nd period

4. Lightning , Dave Bolland 13 (Jiri Tlusty, Alex Chiasson) at 0:38 (PP)
5. Blackhawks , Martin Hanzal 16 (Ryan Callahan, Cal Clutterbuck) at 6:11
6. Lightning , Jiri Tlusty 19 (Dave Bolland, Alex Chiasson) at 19:59

Penalties :
Dmitry Kulikov (TB ) for Roughing (Minor) at 0:54, Martin Hanzal (Chi) for High sticking (Minor) at 14:57

3rd period

7. Lightning , Nikolai Kulemin 5 (Dmitry Kulikov, Marc Methot) at 9:32
8. Lightning , Patrick Marleau 32 (Ryan Nugent-Hopkins, Ben Scrivens) at 18:21

Penalties :
Marc Methot (TB ) for Tripping (Minor) at 6:06, Alex Chiasson (TB ) for Hooking (Minor) at 9:59, Jordie Benn (Chi) for Hooking (Minor) at 16:18

Goalie Stats

Jimmy Howard (Chi), 29 saves from 35 shots - (0.829), L, 19-23-6, 60:00 minutes
Ben Scrivens (TB ), 30 saves from 32 shots - (0.938), W, 7-1-0, 60:00 minutes

Players Stats for Blackhawks

Player Name              G  A  P  +/- PIM S  H  SB GA TA FO     MP     PP MP  PK MP  
------------------------------------------------------------------------------------
Andrew Shaw              0  0  0  -1  2   0  2  0  2  0  0/0     8:36   0:00   0:00 
Brent Burns              0  1  1   1  0   3  4  1  2  2  0/0    23:00   4:29   3:05 
Brooks Laich             0  0  0  -1  0   1  3  1  0  0  4/7    17:59   4:37   4:10 
Cal Clutterbuck          0  1  1   0  0   4  2  0  0  1  0/0    15:33   0:00   3:24 
Curtis Glencross         1  0  1   0  2   6  1  0  4  0  0/1    16:39   4:37   0:00 
Dustin Byfuglien         0  0  0   0  0   3  2  2  0  1  0/0    24:03   4:29   4:04 
Frank Corrado            0  0  0  -1  0   1  0  2  0  0  0/0    14:37   0:00   0:00 
Jeff Carter              0  0  0  -1  2   0  0  0  2  0  0/1    15:04   4:37   0:00 
Jordie Benn              0  0  0  -2  2   0  1  4  0  2  0/0    23:58   4:44   3:30 
Justin Braun             0  0  0  -2  0   0  0  1  0  2  0/0    17:19   0:00   4:29 
Martin Hanzal            1  0  1   1  2   6  3  0  3  0  6/10   17:11   4:36   0:00 
Michael Del Zotto        0  0  0  -1  0   1  0  1  0  3  0/0    17:06   4:44   0:00 
Mike Hoffman             0  0  0  -1  0   0  0  0  1  0  0/0     9:53   0:00   0:00 
Oscar Lindberg           0  0  0   0  0   0  0  0  0  0  2/6    11:28   0:00   0:00 
Riley Sheahan            0  0  0  -1  0   3  0  0  1  1  4/8    15:00   4:36   0:00 
Ryan Callahan            0  1  1   1  0   2  1  1  2  0  0/3    20:38   4:36   4:10 
Tyler Toffoli            0  0  0   0  0   2  0  0  1  1  0/3    11:28   0:00   0:00 
Will Acton               0  0  0  -2  0   0  0  0  0  1  4/11   12:49   0:00   3:24 

Players Stats for Lightning

Player Name              G  A  P  +/- PIM S  H  SB GA TA FO     MP     PP MP  PK MP  
------------------------------------------------------------------------------------
Alex Chiasson            0  4  4   0  2   3  2  0  8  0  0/1    16:56   3:36   0:00 
Dave Bolland             2  1  3   0  0   5  2  0  0  0  9/11   16:10   3:36   0:00 
Derek MacKenzie          0  0  0   0  0   1  4  0  0  0  3/6    12:09   0:00   4:30 
Dmitry Kulikov           0  2  2   1  2   3  1  2  0  1  0/0    20:32   3:14   3:22 
Erik Condra              0  0  0   0  0   2  0  0  1  0  0/0     6:35   0:00   0:00 
Jiri Tlusty              2  2  4   0  0   6  1  1  4  0  0/0    16:10   3:36   0:00 
John Mitchell            0  0  0   1  0   0  0  0  2  2  8/13   16:47   0:00   4:43 
Marc Methot              0  1  1   1  4   3  2  5  0  2  0/0    20:30   3:14   2:00 
Matt Calvert             0  0  0   1  2   2  1  1  1  0  0/0    12:03   0:00   0:00 
Mattias Ekholm           0  0  0  -1  0   1  0  1  0  1  0/0    14:24   0:00   0:00 
Nikolai Kulemin          1  0  1   1  0   1  1  0  1  1  1/3    16:47   0:00   4:43 
Ondrej Palat             0  0  0   1  0   0  2  1  0  0  0/0    15:11   3:58   0:00 
Patrick Marleau          1  0  1   1  0   2  0  1  3  1  1/1    20:28   3:58   4:30 
Roman Polak              0  0  0  -1  0   2  3  3  0  0  0/0    21:08   0:00   5:31 
Ryan Nugent-Hopkins      0  1  1   1  0   1  0  0  2  0  8/15   14:54   3:58   0:00 
Ryan Suter               0  0  0   2  0   0  1  1  0  1  0/0    23:52   4:20   6:48 
Shawn Matthias           0  0  0   0  0   3  0  0  0  0  0/0     6:35   0:00   0:00 
Tyson Barrie             0  0  0   2  0   0  1  1  0  1  0/0    19:31   4:20   0:45 

3 Stars

1 - Jiri Tlusty (TB )
2 - Dave Bolland (TB )
3 - Alex Chiasson (TB )

Power Play

Blackhawks - 1 on 5 Attempt(s) - 20.00%
Lightning - 3 on 5 Attempt(s) - 60.00%

Penalty Kill

Blackhawks - 2 on 5 Attempt(s) - 40.00% - Score 0 goal in Penalty Kill
Lightning - 4 on 5 Attempt(s) - 80.00% - Score 0 goal in Penalty Kill

Team Stat

Blackhawks - Hits : 19 - Faceoff Wins : 20 - Blocked Shots : 13 - Penalty Minutes : 10
Lightning - Hits : 21 - Faceoff Wins : 30 - Blocked Shots : 17 - Penalty Minutes : 10

Official

Referees : Unknown
Linesman : Unknown

Game Notes

No Game Note

Finance

Level 1 -- Attendance: 5971 (99.52%) -- Ticket Income $447,825
Level 2 -- Attendance: 4479 (89.58%) -- Ticket Income $223,950
Level 3 -- Attendance: 1968 (98.40%) -- Ticket Income $59,040
Level 4 -- Attendance: 4000 (100.00%) -- Ticket Income $60,000
Luxury Box -- Attendance: 911 (91.10%) -- Ticket Income $159,425
Game was played at the St. Pete Times Forum'
Total Attendance: 17329 (96.27%)
Total Ticket Income: $950,240
Other Income: $465,618
Total Income: $1,415,858

Blackhawks

5 vs 5 Forward 
   Center                   Left Wing                Right Wing               Time % Phy DF OF 
 1 Martin Hanzal            Cal Clutterbuck          Ryan Callahan            30     1   2  2  
 2 Riley Sheahan            Mike Hoffman             Jeff Carter              25     1   2  2  
 3 Oscar Lindberg           Curtis Glencross         Tyler Toffoli            25     2   2  1  
 4 Will Acton               Brooks Laich             Andrew Shaw              20     2   2  1  

5 vs 5 Defense 
   Defense                  Defense                                           Time % Phy DF OF 
 1 Brent Burns              Dustin Byfuglien                                  30     1   2  2  
 2 Justin Braun             Michael Del Zotto                                 30     1   2  2  
 3 Jordie Benn              Frank Corrado                                     30     1   2  2  
 4 Brent Burns              Dustin Byfuglien                                  10     1   2  2  

PowerPlay Forward 
   Center                   Left Wing                Right Wing               Time % Phy DF OF 
 1 Brooks Laich             Curtis Glencross         Jeff Carter              50     0   1  4  
 2 Martin Hanzal            Riley Sheahan            Ryan Callahan            50     0   1  4  

PowerPlay Defense
   Defense                  Defense                                           Time % Phy DF OF 
 1 Brent Burns              Dustin Byfuglien                                  50     0   2  3  
 2 Jordie Benn              Michael Del Zotto                                 50     0   2  3  

Penalty Kill 4 Players Forward 
   Center                   Wing                     Time % Phy DF OF 
 1 Brooks Laich             Ryan Callahan            50     1   3  1  
 2 Will Acton               Cal Clutterbuck          50     1   3  1  

Penalty Kill 4 Players Defense
   Defense                  Defense                  Time % Phy DF OF 
 1 Brent Burns              Dustin Byfuglien         50     2   3  0  
 2 Jordie Benn              Justin Braun             50     2   3  0  

Penalty Kill - 3 Players Forward 
   Forward                                           Time % Phy DF OF 
 1 Ryan Callahan                                     50     1   4  0  
 2 Brooks Laich                                      50     1   4  0  

Penalty Kill - 3 Players Defense
   Defense                  Defense                  Time % Phy DF OF 
 1 Brent Burns              Dustin Byfuglien         50     1   4  0  
 2 Jordie Benn              Justin Braun             50     1   4  0  

4 vs 4 Forward 
   Center                   Wing                     Time % Phy DF OF 
 1 Dustin Byfuglien         Jeff Carter              50     0   2  3  
 2 Martin Hanzal            Ryan Callahan            50     0   2  3  

4 vs 4 Defense
   Defense                  Defense                  Time % Phy DF OF 
 1 Justin Braun             Michael Del Zotto        50     1   2  2  
 2 Jordie Benn              Frank Corrado            50     1   2  2  

Last Minutes Offensive
   Center                   Left Wing                Right Wing               Defense                  Defense                  
   Oscar Lindberg           Ryan Callahan            Jeff Carter              Dustin Byfuglien         Michael Del Zotto        

Last Minutes Defensive
   Center                   Left Wing                Right Wing               Defense                  Defense                  
   Oscar Lindberg           Brooks Laich             Ryan Callahan            Dustin Byfuglien         Justin Braun             

Goaltenders
Starting : Jimmy Howard             
Backup : Craig Anderson           

Extra Forwards
Normal : Ryan Callahan, Jeff Carter, Dustin Byfuglien - PP : Ryan Callahan, Jeff Carter - PK : Ryan Callahan
Extra Defensemen
Normal : Justin Braun, Jordie Benn, Dustin Byfuglien - PP : Dustin Byfuglien - PK : Justin Braun, Dustin Byfuglien
Penalty Shots
Brooks Laich, Brent Burns, Jeff Carter, Ryan Callahan, Dustin Byfuglien

Lightning

5 vs 5 Forward 
   Center                   Left Wing                Right Wing               Time % Phy DF OF 
 1 Ryan Nugent-Hopkins      Ondrej Palat             Patrick Marleau          30     1   2  2  
 2 Dave Bolland             Jiri Tlusty              Alex Chiasson            30     0   2  3  
 3 John Mitchell            Matt Calvert             Nikolai Kulemin          25     1   3  1  
 4 Derek MacKenzie          Shawn Matthias           Erik Condra              15     1   3  1  

5 vs 5 Defense 
   Defense                  Defense                                           Time % Phy DF OF 
 1 Ryan Suter               Tyson Barrie                                      34     1   2  2  
 2 Marc Methot              Dmitry Kulikov                                    33     1   2  2  
 3 Roman Polak              Mattias Ekholm                                    33     1   2  2  
 4 Dmitry Kulikov           Tyson Barrie                                      0      1   2  2  

PowerPlay Forward 
   Center                   Left Wing                Right Wing               Time % Phy DF OF 
 1 Ryan Nugent-Hopkins      Ondrej Palat             Patrick Marleau          50     0   1  4  
 2 Dave Bolland             Jiri Tlusty              Alex Chiasson            50     0   1  4  

PowerPlay Defense
   Defense                  Defense                                           Time % Phy DF OF 
 1 Ryan Suter               Tyson Barrie                                      60     1   2  2  
 2 Marc Methot              Dmitry Kulikov                                    40     1   2  2  

Penalty Kill 4 Players Forward 
   Center                   Wing                     Time % Phy DF OF 
 1 John Mitchell            Nikolai Kulemin          50     1   4  0  
 2 Derek MacKenzie          Patrick Marleau          50     1   4  0  

Penalty Kill 4 Players Defense
   Defense                  Defense                  Time % Phy DF OF 
 1 Marc Methot              Dmitry Kulikov           50     1   4  0  
 2 Ryan Suter               Roman Polak              50     1   4  0  

Penalty Kill - 3 Players Forward 
   Forward                                           Time % Phy DF OF 
 1 John Mitchell                                     50     1   4  0  
 2 Derek MacKenzie                                   50     1   4  0  

Penalty Kill - 3 Players Defense
   Defense                  Defense                  Time % Phy DF OF 
 1 Marc Methot              Dmitry Kulikov           50     1   4  0  
 2 Ryan Suter               Roman Polak              50     1   4  0  

4 vs 4 Forward 
   Center                   Wing                     Time % Phy DF OF 
 1 Ryan Nugent-Hopkins      Patrick Marleau          50     0   2  3  
 2 Dave Bolland             Ondrej Palat             50     0   2  3  

4 vs 4 Defense
   Defense                  Defense                  Time % Phy DF OF 
 1 Ryan Suter               Tyson Barrie             60     1   2  2  
 2 Marc Methot              Dmitry Kulikov           40     1   2  2  

Last Minutes Offensive
   Center                   Left Wing                Right Wing               Defense                  Defense                  
   Ryan Nugent-Hopkins      Ondrej Palat             Patrick Marleau          Ryan Suter               Tyson Barrie             

Last Minutes Defensive
   Center                   Left Wing                Right Wing               Defense                  Defense                  
   John Mitchell            Patrick Marleau          Nikolai Kulemin          Ryan Suter               Marc Methot              

Goaltenders
Starting : Ben Scrivens             
Backup : Carey Price              

Extra Forwards
Normal : Ondrej Palat, Patrick Marleau, Ryan Nugent-Hopkins - PP : Ondrej Palat, Patrick Marleau - PK : Nikolai Kulemin
Extra Defensemen
Normal : Ryan Suter, Dmitry Kulikov, Marc Methot - PP : Ryan Suter - PK : Ryan Suter, Marc Methot
Penalty Shots
Patrick Marleau, Nikolai Kulemin, Ryan Nugent-Hopkins, Ondrej Palat, Jiri Tlusty

% Time on Ice - Blackhawks

Lines # - Real PCT - Wanted PCT - Time Play
Normal Forward
1 - 28% - 30% - 11:56
2 - 26% - 25% - 11:12
3 - 27% - 25% - 11:28
4 - 20% - 20% - 8:37
Normal Defense
1 - 31% - 30% - 13:17
2 - 30% - 30% - 13:10
3 - 34% - 30% - 14:37
4 - 5% - 10% - 2:09
PP Forward
1 - 50% - 50% - 4:37
2 - 50% - 50% - 4:36
PP Defense
1 - 49% - 50% - 4:29
2 - 51% - 50% - 4:44
PK Forward
1 - 55% - 50% - 4:10
2 - 45% - 50% - 3:24
PK Defense
1 - 41% - 50% - 3:05
2 - 59% - 50% - 4:29
PK3 Forward
1 - 0% - 50%
2 - 0% - 50%
PK3 Defense
1 - 0% - 50%
2 - 0% - 50%
44 Forward
1 - 0% - 50%
2 - 0% - 50%
44 Defense
1 - 0% - 50%
2 - 0% - 50%
Last Minute Offensive  - 0:00
Last Minute Defensive  - 0:00
Total
Forward - 60:00
Defense - 60:00

% Time on Ice - Lightning

Lines # - Real PCT - Wanted PCT - Time Play
Normal Forward
1 - 26% - 30% - 11:22
2 - 32% - 30% - 13:38
3 - 27% - 25% - 11:38
4 - 15% - 15% - 6:35
Normal Defense
1 - 32% - 34% - 13:39
2 - 33% - 33% - 14:23
3 - 33% - 33% - 14:24
4 - 2% - 0% - 0:47
PP Forward
1 - 52% - 50% - 3:58
2 - 48% - 50% - 3:36
PP Defense
1 - 57% - 60% - 4:20
2 - 43% - 40% - 3:14
PK Forward
1 - 51% - 50% - 4:43
2 - 49% - 50% - 4:30
PK Defense
1 - 40% - 50% - 3:42
2 - 60% - 50% - 5:31
PK3 Forward
1 - 0% - 50%
2 - 0% - 50%
PK3 Defense
1 - 0% - 50%
2 - 0% - 50%
44 Forward
1 - 0% - 50%
2 - 0% - 50%
44 Defense
1 - 0% - 60%
2 - 0% - 40%
Last Minute Offensive  - 0:00
Last Minute Defensive  - 0:00
Total
Forward - 60:00
Defense - 60:00

Play by Play

1st period


0:01 of 1st period - Patrick Marleau wins face-off versus Martin Hanzal in neutral zone.
0:04 of 1st period - Ryan Callahan is hit by Tyson Barrie and loses puck.
0:25 of 1st period - Slapshot by Dustin Byfuglien.
0:25 of 1st period - Shot Blocked by Ryan Suter.
0:53 of 1st period - Jiri Tlusty is hit by Dustin Byfuglien and loses puck.
1:08 of 1st period - Snap shot by Riley Sheahan.
1:08 of 1st period - Stopped by Ben Scrivens with a rebound.
1:14 of 1st period - Justin Braun is hit by Dave Bolland and loses puck.
1:25 of 1st period - Minor Penalty to Marc Methot for Tripping.
1:26 of 1st period - Brooks Laich wins face-off versus Nikolai Kulemin in Lightning zone.
2:17 of 1st period - Derek MacKenzie is hit by Jordie Benn and loses puck.
2:42 of 1st period - Snap shot by Curtis Glencross.
2:42 of 1st period - Goal by Curtis Glencross - Blackhawks : 1 - Lightning : 0.
2:43 of 1st period - John Mitchell wins face-off versus Oscar Lindberg in neutral zone.
3:07 of 1st period - Snap shot by Frank Corrado.
3:07 of 1st period - Stopped by Ben Scrivens with a rebound.
3:29 of 1st period - Derek MacKenzie is hit by Brooks Laich and loses puck.
3:45 of 1st period - Minor Penalty to Andrew Shaw for Hooking.
3:46 of 1st period - Ryan Nugent-Hopkins wins face-off versus Brooks Laich in Blackhawks zone.
4:56 of 1st period - Wrist shot by Jiri Tlusty.
4:56 of 1st period - Shot Misses the Net.
4:58 of 1st period - Slapshot by Dmitry Kulikov.
4:58 of 1st period - Stopped by Jimmy Howard with a rebound.
5:00 of 1st period - Snap shot by Jiri Tlusty.
5:00 of 1st period - Stopped by Jimmy Howard with a rebound.
5:02 of 1st period - Snap shot by Jiri Tlusty.
5:02 of 1st period - Goal by Jiri Tlusty - Blackhawks : 1 - Lightning : 1.
5:03 of 1st period - Nikolai Kulemin wins face-off versus Tyler Toffoli in neutral zone.
6:01 of 1st period - Wrist shot by Martin Hanzal.
6:01 of 1st period - Shot Blocked by Dmitry Kulikov.
6:03 of 1st period - Wrist shot by Cal Clutterbuck.
6:03 of 1st period - Stopped by Ben Scrivens with a rebound.
6:05 of 1st period - Wrist shot by Cal Clutterbuck.
6:05 of 1st period - Shot Misses the Net.
6:23 of 1st period - Snap shot by Martin Hanzal.
6:23 of 1st period - Stopped by Ben Scrivens without a rebound.
6:24 of 1st period - Dave Bolland wins face-off versus Riley Sheahan in Lightning zone.
6:37 of 1st period - Slapshot by Brent Burns.
6:37 of 1st period - Shot Blocked by Mattias Ekholm.
6:39 of 1st period - Snap shot by Jeff Carter.
6:39 of 1st period - Shot Blocked by Roman Polak.
7:18 of 1st period - Dave Bolland is hit by Brent Burns.
7:44 of 1st period - Snap shot by Patrick Marleau.
7:44 of 1st period - Shot Blocked by Dustin Byfuglien.
8:17 of 1st period - Will Acton is hit by Ryan Suter and loses puck.
8:52 of 1st period - Wrist shot by Ondrej Palat.
8:52 of 1st period - Shot Misses the Net.
8:54 of 1st period - Slapshot by Roman Polak.
8:54 of 1st period - Shot Blocked by Frank Corrado.
8:58 of 1st period - Wrist shot by Ondrej Palat.
8:58 of 1st period - Shot Misses the Net.
9:00 of 1st period - Wrist shot by Mattias Ekholm.
9:00 of 1st period - Stopped by Jimmy Howard with a rebound.
9:02 of 1st period - Slapshot by Roman Polak.
9:02 of 1st period - Deflect By Jordie Benn.
9:02 of 1st period - Stopped by Jimmy Howard without a rebound.
9:03 of 1st period - Ryan Nugent-Hopkins wins face-off versus Oscar Lindberg in Blackhawks zone.
10:03 of 1st period - Backhand shot by Jiri Tlusty.
10:03 of 1st period - Stopped by Jimmy Howard with a rebound.
10:05 of 1st period - Snap shot by Dave Bolland.
10:05 of 1st period - Stopped by Jimmy Howard with a rebound.
10:07 of 1st period - Slapshot by Ryan Suter.
10:07 of 1st period - Deflect By Alex Chiasson.
10:07 of 1st period - Stopped by Jimmy Howard with a rebound.
10:09 of 1st period - Snap shot by Jiri Tlusty.
10:09 of 1st period - Stopped by Jimmy Howard with a rebound.
10:29 of 1st period - Minor Penalty to Jeff Carter for Hooking.
10:30 of 1st period - Brooks Laich wins face-off versus Ryan Nugent-Hopkins in Blackhawks zone.
10:59 of 1st period - Brooks Laich is hit by Marc Methot and loses puck.
11:06 of 1st period - Snap shot by Patrick Marleau.
11:06 of 1st period - Deflect By Ondrej Palat.
11:06 of 1st period - Shot Misses the Net.
11:06 of 1st period - Puck is out of play.
11:07 of 1st period - Dave Bolland wins face-off versus Brooks Laich in Blackhawks zone.
11:15 of 1st period - Wrist shot by Dave Bolland.
11:15 of 1st period - Goal by Dave Bolland - Blackhawks : 1 - Lightning : 2.
11:16 of 1st period - Martin Hanzal wins face-off versus Alex Chiasson in neutral zone.
11:27 of 1st period - Wrist shot by Martin Hanzal.
11:27 of 1st period - Shot Blocked by Jiri Tlusty.
11:29 of 1st period - Slapshot by Jordie Benn.
11:29 of 1st period - Deflect By Cal Clutterbuck.
11:29 of 1st period - Shot Misses the Net.
11:29 of 1st period - Puck is out of play.
11:30 of 1st period - Dave Bolland wins face-off versus Ryan Callahan in Lightning zone.
12:16 of 1st period - Wrist shot by Tyler Toffoli.
12:16 of 1st period - Stopped by Ben Scrivens with a rebound.
12:18 of 1st period - Snap shot by Jordie Benn.
12:18 of 1st period - Shot Blocked by Marc Methot.
12:37 of 1st period - Snap shot by Tyler Toffoli.
12:37 of 1st period - Shot Misses the Net.
12:39 of 1st period - Slapshot by Michael Del Zotto.
12:39 of 1st period - Stopped by Ben Scrivens without a rebound.
12:40 of 1st period - Riley Sheahan wins face-off versus Derek MacKenzie in Lightning zone.
12:55 of 1st period - Slapshot by Tyson Barrie.
12:55 of 1st period - Shot Misses the Net.
12:57 of 1st period - Wrist shot by Derek MacKenzie.
12:57 of 1st period - Shot Misses the Net.
12:59 of 1st period - Snap shot by Ryan Suter.
12:59 of 1st period - Deflect By Shawn Matthias.
12:59 of 1st period - Deflect By Jeff Carter.
12:59 of 1st period - Shot Blocked by Michael Del Zotto.
12:59 of 1st period - Puck is out of play.
13:00 of 1st period - Derek MacKenzie wins face-off versus Riley Sheahan in Blackhawks zone.
13:53 of 1st period - Ryan Suter is hit by Cal Clutterbuck.
14:01 of 1st period - Slapshot by Martin Hanzal.
14:01 of 1st period - Shot Misses the Net.
15:11 of 1st period - Snap shot by Curtis Glencross.
15:11 of 1st period - Stopped by Ben Scrivens with a rebound.
15:13 of 1st period - Slapshot by Frank Corrado.
15:13 of 1st period - Shot Misses the Net.
15:15 of 1st period - Wrist shot by Curtis Glencross.
15:15 of 1st period - Shot Misses the Net.
15:17 of 1st period - Snap shot by Curtis Glencross.
15:17 of 1st period - Shot Blocked by Matt Calvert.
15:19 of 1st period - Snap shot by Oscar Lindberg.
15:19 of 1st period - Shot Misses the Net.
15:21 of 1st period - Slapshot by Frank Corrado.
15:21 of 1st period - Deflect By Curtis Glencross.
15:21 of 1st period - Stopped by Ben Scrivens with a rebound.
15:23 of 1st period - Slapshot by Frank Corrado.
15:23 of 1st period - Shot Misses the Net.
15:27 of 1st period - Snap shot by Curtis Glencross.
15:27 of 1st period - Shot Misses the Net.
15:45 of 1st period - Dustin Byfuglien is hit by Matt Calvert and loses puck.
15:54 of 1st period - Snap shot by Riley Sheahan.
15:54 of 1st period - Stopped by Ben Scrivens with a rebound.
15:56 of 1st period - Slapshot by Brent Burns.
15:56 of 1st period - Deflect By Roman Polak.
15:56 of 1st period - Stopped by Ben Scrivens with a rebound.
16:18 of 1st period - Minor Penalty to Matt Calvert for Tripping.
16:19 of 1st period - Martin Hanzal wins face-off versus Derek MacKenzie in Lightning zone.
17:47 of 1st period - Snap shot by Martin Hanzal.
17:47 of 1st period - Stopped by Ben Scrivens with a rebound.
18:08 of 1st period - Ryan Suter is hit by Dustin Byfuglien.
18:18 of 1st period - Penalty to Matt Calvert is over, Matt Calvert is back on ice.
19:05 of 1st period - Minor Penalty to Curtis Glencross for Hooking.
19:06 of 1st period - Dave Bolland wins face-off versus Will Acton in Blackhawks zone.
19:24 of 1st period - Backhand shot by Tyson Barrie.
19:24 of 1st period - Shot Misses the Net.
Goals for this period are 1 for Blackhawks vs 2 for Lightning.
Shots for this period are 12 for Blackhawks vs 10 for Lightning.

2nd period


0:01 of 2nd period - Brooks Laich wins face-off versus Dave Bolland in neutral zone.
0:36 of 2nd period - Snap shot by Jiri Tlusty.
0:36 of 2nd period - Stopped by Jimmy Howard with a rebound.
0:38 of 2nd period - Snap shot by Dave Bolland.
0:38 of 2nd period - Goal by Dave Bolland - Blackhawks : 1 - Lightning : 3.
0:39 of 2nd period - Martin Hanzal wins face-off versus Ryan Nugent-Hopkins in neutral zone.
0:52 of 2nd period - Snap shot by Cal Clutterbuck.
0:52 of 2nd period - Shot Misses the Net.
0:54 of 2nd period - Minor Penalty to Dmitry Kulikov for Roughing.
0:55 of 2nd period - John Mitchell wins face-off versus Martin Hanzal in Lightning zone.
1:22 of 2nd period - Slapshot by Nikolai Kulemin.
1:22 of 2nd period - Shot Blocked by Ryan Callahan.
2:06 of 2nd period - Snap shot by Brooks Laich.
2:06 of 2nd period - Stopped by Ben Scrivens with a rebound.
2:40 of 2nd period - Derek MacKenzie is hit by Ryan Callahan.
2:54 of 2nd period - Penalty to Dmitry Kulikov is over, Dmitry Kulikov is back on ice.
3:34 of 2nd period - Brooks Laich is hit by Dave Bolland and loses puck.
5:12 of 2nd period - Nikolai Kulemin is hit by Andrew Shaw and loses puck.
5:18 of 2nd period - Icing by Nikolai Kulemin.
5:19 of 2nd period - John Mitchell wins face-off versus Will Acton in Lightning zone.
5:19 of 2nd period - John Mitchell is hit by Andrew Shaw.
5:35 of 2nd period - Wrist shot by Matt Calvert.
5:35 of 2nd period - Stopped by Jimmy Howard with a rebound.
5:37 of 2nd period - Slapshot by Mattias Ekholm.
5:37 of 2nd period - Shot Blocked by Frank Corrado.
5:39 of 2nd period - Backhand shot by Roman Polak.
5:39 of 2nd period - Shot Blocked by Jordie Benn.
5:41 of 2nd period - Snap shot by John Mitchell.
5:41 of 2nd period - Shot Misses the Net.
5:43 of 2nd period - Snap shot by John Mitchell.
5:43 of 2nd period - Shot Misses the Net.
6:07 of 2nd period - Slapshot by Martin Hanzal.
6:07 of 2nd period - Shot Blocked by Roman Polak.
6:09 of 2nd period - Snap shot by Cal Clutterbuck.
6:09 of 2nd period - Deflect By Ryan Callahan.
6:09 of 2nd period - Stopped by Ben Scrivens with a rebound.
6:11 of 2nd period - Snap shot by Martin Hanzal.
6:11 of 2nd period - Goal by Martin Hanzal - Blackhawks : 2 - Lightning : 3.
6:12 of 2nd period - Ryan Nugent-Hopkins wins face-off versus Riley Sheahan in neutral zone.
6:28 of 2nd period - Slapshot by Ryan Nugent-Hopkins.
6:28 of 2nd period - Stopped by Jimmy Howard with a rebound.
6:30 of 2nd period - Snap shot by Patrick Marleau.
6:30 of 2nd period - Deflect By Ondrej Palat.
6:30 of 2nd period - Shot Misses the Net.
6:30 of 2nd period - Puck is out of play.
6:31 of 2nd period - Riley Sheahan wins face-off versus Ryan Nugent-Hopkins in Blackhawks zone.
6:38 of 2nd period - Slapshot by Brent Burns.
6:38 of 2nd period - Stopped by Ben Scrivens with a rebound.
7:31 of 2nd period - Wrist shot by Alex Chiasson.
7:31 of 2nd period - Shot Blocked by Jordie Benn.
7:33 of 2nd period - Slapshot by Mattias Ekholm.
7:33 of 2nd period - Deflect By Alex Chiasson.
7:33 of 2nd period - Shot Misses the Net.
7:33 of 2nd period - Puck is out of play.
7:34 of 2nd period - Will Acton wins face-off versus John Mitchell in Blackhawks zone.
7:38 of 2nd period - Off-side.
7:39 of 2nd period - John Mitchell wins face-off versus Will Acton in neutral zone.
8:51 of 2nd period - Slapshot by Martin Hanzal.
8:51 of 2nd period - Stopped by Ben Scrivens with a rebound.
8:53 of 2nd period - Snap shot by Justin Braun.
8:53 of 2nd period - Deflect By Cal Clutterbuck.
8:53 of 2nd period - Stopped by Ben Scrivens with a rebound.
8:55 of 2nd period - Snap shot by Cal Clutterbuck.
8:55 of 2nd period - Stopped by Ben Scrivens without a rebound.
8:56 of 2nd period - Ryan Nugent-Hopkins wins face-off versus Oscar Lindberg in Lightning zone.
9:09 of 2nd period - Wrist shot by Curtis Glencross.
9:09 of 2nd period - Stopped by Ben Scrivens with a rebound.
9:11 of 2nd period - Wrist shot by Curtis Glencross.
9:11 of 2nd period - Stopped by Ben Scrivens without a rebound.
9:12 of 2nd period - Ryan Nugent-Hopkins wins face-off versus Oscar Lindberg in Lightning zone.
9:12 of 2nd period - Ryan Nugent-Hopkins is hit by Curtis Glencross.
9:36 of 2nd period - Wrist shot by Curtis Glencross.
9:36 of 2nd period - Shot Blocked by Roman Polak.
10:04 of 2nd period - Snap shot by Jiri Tlusty.
10:04 of 2nd period - Shot Misses the Net.
10:06 of 2nd period - Snap shot by Dave Bolland.
10:06 of 2nd period - Stopped by Jimmy Howard without a rebound.
10:07 of 2nd period - Dave Bolland wins face-off versus Ryan Callahan in Blackhawks zone.
10:08 of 2nd period - Snap shot by Alex Chiasson.
10:08 of 2nd period - Stopped by Jimmy Howard with a rebound.
10:26 of 2nd period - Slapshot by Dustin Byfuglien.
10:26 of 2nd period - Stopped by Ben Scrivens with a rebound.
10:28 of 2nd period - Snap shot by Dustin Byfuglien.
10:28 of 2nd period - Deflect By Dmitry Kulikov.
10:28 of 2nd period - Stopped by Ben Scrivens without a rebound.
10:29 of 2nd period - John Mitchell wins face-off versus Riley Sheahan in Lightning zone.
11:07 of 2nd period - Snap shot by Jeff Carter.
11:07 of 2nd period - Shot Misses the Net.
11:31 of 2nd period - Ryan Suter is hit by Cal Clutterbuck and loses puck.
11:58 of 2nd period - Ryan Suter is hit by Brent Burns and loses puck.
12:46 of 2nd period - Snap shot by Alex Chiasson.
12:46 of 2nd period - Deflect By Dave Bolland.
12:46 of 2nd period - Deflect By Tyler Toffoli.
12:46 of 2nd period - Shot Misses the Net.
12:46 of 2nd period - Puck is out of play.
12:47 of 2nd period - Derek MacKenzie wins face-off versus Tyler Toffoli in Blackhawks zone.
12:50 of 2nd period - Wrist shot by Shawn Matthias.
12:50 of 2nd period - Stopped by Jimmy Howard with a rebound.
12:52 of 2nd period - Wrist shot by Derek MacKenzie.
12:52 of 2nd period - Shot Misses the Net.
12:54 of 2nd period - Snap shot by Erik Condra.
12:54 of 2nd period - Stopped by Jimmy Howard with a rebound.
12:56 of 2nd period - Wrist shot by Shawn Matthias.
12:56 of 2nd period - Shot Misses the Net.
13:00 of 2nd period - Snap shot by Erik Condra.
13:00 of 2nd period - Stopped by Jimmy Howard with a rebound.
13:02 of 2nd period - Slapshot by Erik Condra.
13:02 of 2nd period - Deflect By Shawn Matthias.
13:02 of 2nd period - Stopped by Jimmy Howard with a rebound.
14:38 of 2nd period - Slapshot by Jiri Tlusty.
14:38 of 2nd period - Shot Misses the Net.
14:40 of 2nd period - Snap shot by Marc Methot.
14:40 of 2nd period - Shot Misses the Net.
14:42 of 2nd period - Wrist shot by Jiri Tlusty.
14:42 of 2nd period - Shot Misses the Net.
14:44 of 2nd period - Slapshot by Marc Methot.
14:44 of 2nd period - Stopped by Jimmy Howard with a rebound.
14:46 of 2nd period - Snap shot by Dmitry Kulikov.
14:46 of 2nd period - Shot Blocked by Dustin Byfuglien.
14:48 of 2nd period - Slapshot by Marc Methot.
14:48 of 2nd period - Stopped by Jimmy Howard with a rebound.
14:57 of 2nd period - Minor Penalty to Martin Hanzal for High sticking.
14:58 of 2nd period - Ryan Nugent-Hopkins wins face-off versus Will Acton in Blackhawks zone.
15:42 of 2nd period - Ryan Callahan is hit by Ondrej Palat and loses puck.
15:53 of 2nd period - Dave Bolland is hit by Brooks Laich and loses puck.
16:00 of 2nd period - Wrist shot by Marc Methot.
16:00 of 2nd period - Shot Blocked by Jordie Benn.
16:40 of 2nd period - Justin Braun is hit by Ondrej Palat and loses puck.
16:57 of 2nd period - Penalty to Martin Hanzal is over, Martin Hanzal is back on ice.
17:49 of 2nd period - Slapshot by Tyler Toffoli.
17:49 of 2nd period - Stopped by Ben Scrivens without a rebound.
17:50 of 2nd period - John Mitchell wins face-off versus Tyler Toffoli in Lightning zone.
17:50 of 2nd period - John Mitchell is hit by Brent Burns.
18:16 of 2nd period - Slapshot by Tyler Toffoli.
18:16 of 2nd period - Shot Misses the Net.
18:18 of 2nd period - Slapshot by Brent Burns.
18:18 of 2nd period - Stopped by Ben Scrivens with a rebound.
18:50 of 2nd period - Dustin Byfuglien is hit by Marc Methot and loses puck.
19:11 of 2nd period - Shawn Matthias is hit by Brent Burns and loses puck.
19:20 of 2nd period - Snap shot by Shawn Matthias.
19:20 of 2nd period - Stopped by Jimmy Howard with a rebound.
19:50 of 2nd period - Brooks Laich is hit by Alex Chiasson and loses puck.
19:55 of 2nd period - Slapshot by Alex Chiasson.
19:55 of 2nd period - Shot Misses the Net.
19:57 of 2nd period - Wrist shot by Dave Bolland.
19:57 of 2nd period - Shot Blocked by Jordie Benn.
19:59 of 2nd period - Wrist shot by Jiri Tlusty.
19:59 of 2nd period - Goal by Jiri Tlusty - Blackhawks : 2 - Lightning : 4.
Goals for this period are 1 for Blackhawks vs 2 for Lightning.
Shots for this period are 13 for Blackhawks vs 14 for Lightning.

3rd period


0:01 of 3rd period - Ryan Nugent-Hopkins wins face-off versus Martin Hanzal in neutral zone.
0:11 of 3rd period - Off-side.
0:12 of 3rd period - Martin Hanzal wins face-off versus Ryan Nugent-Hopkins in neutral zone.
0:20 of 3rd period - Wrist shot by Cal Clutterbuck.
0:20 of 3rd period - Shot Blocked by Marc Methot.
0:22 of 3rd period - Snap shot by Cal Clutterbuck.
0:22 of 3rd period - Stopped by Ben Scrivens without a rebound.
0:23 of 3rd period - Dave Bolland wins face-off versus Will Acton in Lightning zone.
0:55 of 3rd period - Off-side.
0:56 of 3rd period - Ryan Nugent-Hopkins wins face-off versus Martin Hanzal in neutral zone.
1:33 of 3rd period - Slapshot by Ryan Callahan.
1:33 of 3rd period - Stopped by Ben Scrivens without a rebound.
1:34 of 3rd period - Oscar Lindberg wins face-off versus John Mitchell in Lightning zone.
2:05 of 3rd period - Frank Corrado is hit by Nikolai Kulemin and loses puck.
2:37 of 3rd period - Backhand shot by Brent Burns.
2:37 of 3rd period - Shot Misses the Net.
2:39 of 3rd period - Slapshot by Dustin Byfuglien.
2:39 of 3rd period - Stopped by Ben Scrivens without a rebound.
2:40 of 3rd period - Martin Hanzal wins face-off versus Ryan Nugent-Hopkins in Lightning zone.
2:43 of 3rd period - Snap shot by Ryan Callahan.
2:43 of 3rd period - Shot Blocked by Tyson Barrie.
2:45 of 3rd period - Slapshot by Brent Burns.
2:45 of 3rd period - Shot Misses the Net.
2:47 of 3rd period - Snap shot by Martin Hanzal.
2:47 of 3rd period - Stopped by Ben Scrivens with a rebound.
2:49 of 3rd period - Wrist shot by Martin Hanzal.
2:49 of 3rd period - Stopped by Ben Scrivens with a rebound.
3:05 of 3rd period - Patrick Marleau is hit by Martin Hanzal and loses puck.
3:47 of 3rd period - Mike Hoffman is hit by Derek MacKenzie and loses puck.
3:54 of 3rd period - Wrist shot by Derek MacKenzie.
3:54 of 3rd period - Stopped by Jimmy Howard without a rebound.
3:55 of 3rd period - Dave Bolland wins face-off versus Will Acton in Blackhawks zone.
4:16 of 3rd period - Wrist shot by Dave Bolland.
4:16 of 3rd period - Deflect By Alex Chiasson.
4:16 of 3rd period - Stopped by Jimmy Howard with a rebound.
4:18 of 3rd period - Slapshot by Mattias Ekholm.
4:18 of 3rd period - Shot Misses the Net.
4:20 of 3rd period - Snap shot by Roman Polak.
4:20 of 3rd period - Shot Blocked by Justin Braun.
4:22 of 3rd period - Slapshot by Roman Polak.
4:22 of 3rd period - Stopped by Jimmy Howard without a rebound.
4:23 of 3rd period - Oscar Lindberg wins face-off versus Nikolai Kulemin in Blackhawks zone.
6:06 of 3rd period - Minor Penalty to Marc Methot for Tripping.
6:07 of 3rd period - John Mitchell wins face-off versus Brooks Laich in Lightning zone.
6:26 of 3rd period - Wrist shot by Curtis Glencross.
6:26 of 3rd period - Shot Misses the Net.
7:03 of 3rd period - Patrick Marleau is hit by Martin Hanzal and loses puck.
8:06 of 3rd period - Penalty to Marc Methot is over, Marc Methot is back on ice.
8:16 of 3rd period - Jeff Carter is hit by Derek MacKenzie and loses puck.
8:38 of 3rd period - Andrew Shaw is hit by Alex Chiasson and loses puck.
8:43 of 3rd period - Snap shot by Alex Chiasson.
8:43 of 3rd period - Deflect By Jiri Tlusty.
8:43 of 3rd period - Shot Blocked by Brooks Laich.
8:43 of 3rd period - Puck is out of play.
8:44 of 3rd period - Dave Bolland wins face-off versus Ryan Callahan in Blackhawks zone.
8:51 of 3rd period - Snap shot by Alex Chiasson.
8:51 of 3rd period - Shot Misses the Net.
8:53 of 3rd period - Wrist shot by Alex Chiasson.
8:53 of 3rd period - Shot Misses the Net.
9:11 of 3rd period - Jordie Benn is hit by Jiri Tlusty and loses puck.
9:30 of 3rd period - Wrist shot by Dmitry Kulikov.
9:30 of 3rd period - Stopped by Jimmy Howard with a rebound.
9:32 of 3rd period - Snap shot by Nikolai Kulemin.
9:32 of 3rd period - Goal by Nikolai Kulemin - Blackhawks : 2 - Lightning : 5.
9:33 of 3rd period - Riley Sheahan wins face-off versus John Mitchell in neutral zone.
9:56 of 3rd period - Snap shot by Riley Sheahan.
9:56 of 3rd period - Stopped by Ben Scrivens without a rebound.
9:57 of 3rd period - Dave Bolland wins face-off versus Will Acton in Lightning zone.
9:59 of 3rd period - Minor Penalty to Alex Chiasson for Hooking.
10:00 of 3rd period - Brooks Laich wins face-off versus John Mitchell in Lightning zone.
10:11 of 3rd period - Off-side.
10:12 of 3rd period - Derek MacKenzie wins face-off versus Jeff Carter in neutral zone.
11:10 of 3rd period - Roman Polak is hit by Martin Hanzal.
11:57 of 3rd period - Jordie Benn is hit by Derek MacKenzie and loses puck.
11:59 of 3rd period - Penalty to Alex Chiasson is over, Alex Chiasson is back on ice.
12:16 of 3rd period - Oscar Lindberg is hit by Roman Polak and loses puck.
13:07 of 3rd period - Marc Methot is hit by Brooks Laich and loses puck.
13:18 of 3rd period - Will Acton is hit by Dmitry Kulikov and loses puck.
14:07 of 3rd period - Off-side.
14:08 of 3rd period - Martin Hanzal wins face-off versus Derek MacKenzie in neutral zone.
14:15 of 3rd period - Snap shot by Michael Del Zotto.
14:15 of 3rd period - Shot Blocked by Marc Methot.
14:41 of 3rd period - Martin Hanzal is hit by Roman Polak and loses puck.
14:48 of 3rd period - Wrist shot by Matt Calvert.
14:48 of 3rd period - Stopped by Jimmy Howard with a rebound.
14:50 of 3rd period - Wrist shot by Dmitry Kulikov.
14:50 of 3rd period - Stopped by Jimmy Howard without a rebound.
14:51 of 3rd period - John Mitchell wins face-off versus Curtis Glencross in Blackhawks zone.
15:05 of 3rd period - Slapshot by Dmitry Kulikov.
15:05 of 3rd period - Shot Blocked by Brent Burns.
15:25 of 3rd period - Wrist shot by Curtis Glencross.
15:25 of 3rd period - Shot Blocked by Ondrej Palat.
15:35 of 3rd period - Slapshot by Brent Burns.
15:35 of 3rd period - Shot Blocked by Patrick Marleau.
15:37 of 3rd period - Slapshot by Brent Burns.
15:37 of 3rd period - Deflect By Brooks Laich.
15:37 of 3rd period - Shot Misses the Net.
15:37 of 3rd period - Puck is out of play.
15:38 of 3rd period - Will Acton wins face-off versus Dave Bolland in Lightning zone.
15:56 of 3rd period - Snap shot by Andrew Shaw.
15:56 of 3rd period - Shot Blocked by Marc Methot.
15:58 of 3rd period - Snap shot by Will Acton.
15:58 of 3rd period - Shot Blocked by Dmitry Kulikov.
16:00 of 3rd period - Snap shot by Will Acton.
16:00 of 3rd period - Shot Blocked by Marc Methot.
16:02 of 3rd period - Wrist shot by Brooks Laich.
16:02 of 3rd period - Shot Misses the Net.
16:18 of 3rd period - Minor Penalty to Jordie Benn for Hooking.
16:19 of 3rd period - Will Acton wins face-off versus Ryan Nugent-Hopkins in Blackhawks zone.
17:14 of 3rd period - Wrist shot by Alex Chiasson.
17:14 of 3rd period - Shot Misses the Net.
17:16 of 3rd period - Slapshot by Marc Methot.
17:16 of 3rd period - Stopped by Jimmy Howard with a rebound.
17:18 of 3rd period - Wrist shot by Dave Bolland.
17:18 of 3rd period - Stopped by Jimmy Howard without a rebound.
17:19 of 3rd period - Will Acton wins face-off versus Ryan Nugent-Hopkins in Blackhawks zone.
18:18 of 3rd period - Penalty to Jordie Benn is over, Jordie Benn is back on ice.
18:19 of 3rd period - Snap shot by Patrick Marleau.
18:19 of 3rd period - Stopped by Jimmy Howard with a rebound.
18:21 of 3rd period - Snap shot by Patrick Marleau.
18:21 of 3rd period - Goal by Patrick Marleau - Blackhawks : 2 - Lightning : 6.
18:22 of 3rd period - Riley Sheahan wins face-off versus John Mitchell in neutral zone.
19:11 of 3rd period - Slapshot by Curtis Glencross.
19:11 of 3rd period - Stopped by Ben Scrivens with a rebound.
19:32 of 3rd period - Michael Del Zotto is hit by Derek MacKenzie and loses puck.
19:45 of 3rd period - Michael Del Zotto is hit by Roman Polak and loses puck.
Goals for this period are 0 for Blackhawks vs 2 for Lightning.
Shots for this period are 7 for Blackhawks vs 11 for Lightning.


Output by the SimonT Hockey Simulator (STHS) for Eric Dolegowski -- Original Page W3C XHTML 1.0 Valid
Hockey Simulator - Hockey Simulation - Hockey Manager